 Dungeon Sprint DCSS version 0.31-a0-841-g038b102fc3 (webtiles) character file.

Game seed: 11315003481493715566

1589 sircluck the Grappler (level 8, -1/136 (139) HPs)
             Began as a Troll Berserker on Sept 27, 2023.
             Was an Elder of Trog.
             Killed from afar by an orc sorcerer (14 damage)
             ... with a bolt of negative energy
             ... led by an orc knight
             ... in the Dungeon (Sprint VII: "The Pits").
             The game lasted 00:00:51 (95 turns).

sircluck the Grappler (Troll Berserker)               Turns: 95, Time: 00:00:51

HP:   -1/136 (139)  AC:  4    Str: 28    XL:     8   Next: 61%
MP:   7/7           EV: 12    Int:  3    God:    Trog [****..]
Gold: 0             SH:  0    Dex:  9    Spells: 7/7 levels left

rFire   . .          .
                       - Unarmed
rCold   . . .        (no shield)
rNeg    . . .        a - +0 animal skin
rPois   .            (helmet restricted)
rElec   .            (no cloak)
rCorr   .            (gloves unavailable)
SInv    .            (boots unavailable)
Will    .....        (no amulet) Stlth
                     (no ring)
HPRegen 1.22/turn    (no ring)
MPRegen 0.10/turn

%: no teleportation
@: berserking (expiring), lightly drained, very quick
A: large, unfitting armour, claws 3, regeneration 1, shaggy fur 1, tough skin 1
a: Renounce Religion, Berserk, Trog's Hand, Brothers in Arms


You were in the Dungeon.
You worshipped Trog.
Trog was greatly pleased with you.
You visited 1 branch

Inventory:

Missiles
 h - 6 poisoned darts (quivered)
Armour
 a - a +0 animal skin (worn)
Scrolls
 g - a scroll of blinking
Potions
 b - a potion of curing
 c - a potion of heal wounds
 d - a potion of haste
 e - 2 potions of magic
 f - a potion of berserk rage


   Skills:
 + Level 9.9 Fighting
 + Level 9.8 Dodging
 + Level 11.6 Unarmed Combat


You had 7 spell levels left.
You didn't know any spells.
Your spell library was empty.

Dungeon Overview and Level Annotations

Branches:
Dungeon (1/1)

Altars:


Innate Abilities, Weirdness & Mutations

You are too large for most types of armour.
You have claws for hands.
Your natural rate of healing is unusually fast.
You are covered in fur. (AC +1)
You have tough skin. (AC +1)


Message History

The orc warrior hits you with a +0 glaive!
* * * LOW HITPOINT WARNING * * *
There is a large open door here.
You closely miss the orc warrior. You claw the orc sorcerer!
The orc sorcerer is heavily wounded.
You scratch the orc sorcerer but do no damage.
The orc sorcerer is heavily wounded.
You completely miss the orc sorcerer.
The orc sorcerer is heavily wounded.
The hellwing swoops through the air toward you!
The hellwing barely misses you. The hellwing hits you.
* * * LOW HITPOINT WARNING * * *
You mangle the hellwing!!
The hellwing is moderately wounded.
The hellwing barely misses you. The hellwing hits you.
* * * LOW HITPOINT WARNING * * *
The orc warrior hits you from afar with a +0 glaive.
* * * LOW HITPOINT WARNING * * *
The orc sorcerer hits you with a +0 dagger.
* * * LOW HITPOINT WARNING * * *
You claw the hellwing!
The hellwing is heavily wounded.
You scratch the hellwing but do no damage.
The hellwing is heavily wounded.
The hellwing barely misses you. x2
You eviscerate the hellwing!!!
You kill the hellwing!
Trog accepts your kill.
The orc sorcerer hits you with a +0 dagger.
* * * LOW HITPOINT WARNING * * *
There is a large open door, spattered with blood here.
Items here: ) [ ††.
You barely miss the orc.
You scratch the orc sorcerer but do no damage.
The orc sorcerer is heavily wounded.
The orc closely misses you.
An orc breaks down the large door.
The orc sorcerer gestures at you while chanting.
The bolt of negative energy hits you!
You feel drained.
You die...

#........).......#
####'#####')######
#.......##)'#####
#.......##......+
#.......##......+
#...<...##.....##
#.......##...###
#.......##..##
#.......##@o#
##########.oos.....
#''#...#..
#.Y##..... #Y.Y
##... #.... ..
##W.s . ##..


You could see a wraith (dormant), an orc sorcerer, 2 tarantellas, 3 dream sheep
and 2 orcs.

Vanquished Creatures
  An orc knight (D)
  2 kobold demonologists (D)
  A hellwing (D)
  A troll (D)
  A warg (D)
  A kobold brigand (D)
  A necrophage (D)
  An adder skeleton (D)
  3 kobolds (D)
  A bat (D)
13 creatures vanquished.

Notes
Turn   | Place    | Note
-------+----------+-------------------------------------------
     0 | D        | sircluck the Troll Berserker began the quest for the Orb.
     0 | D        | Reached XP level 1. HP: 22/22 MP: 0/0
    11 | D        | Noticed a kobold demonologist
    11 | D        | Noticed a kobold brigand
    11 | D        | Noticed a kobold demonologist
    19 | D        | Killed a kobold brigand
    20 | D        | Reached skill level 5 in Unarmed Combat
    20 | D        | Reached XP level 2. HP: 33/33 MP: 1/1
    20 | D        | Reached XP level 3. HP: 40/40 MP: 2/2
    20 | D        | Reached XP level 4. HP: 49/49 MP: 3/3
    26 | D        | Noticed a soul eater
    28 | D        | Killed a kobold demonologist
    28 | D        | Reached ** piety under Trog
    29 | D        | Reached skill level 8 in Unarmed Combat
    29 | D        | Reached XP level 5. HP: 62/62 MP: 4/4
    29 | D        | Reached XP level 6. HP: 71/71 MP: 5/5
    31 | D        | Killed a kobold demonologist
    32 | D        | Reached skill level 9 in Unarmed Combat
    32 | D        | Reached XP level 7. HP: 80/80 MP: 6/6
    33 | D        | Reached *** piety under Trog
    69 | D        | Noticed an orc knight
    69 | D        | Noticed a troll
    70 | D        | Noticed a hellwing
    72 | D        | Noticed an orc sorcerer
    73 | D        | Killed a troll
    74 | D        | Reached skill level 10 in Unarmed Combat
    77 | D        | Killed an orc knight
    77 | D        | Reached **** piety under Trog
    78 | D        | Reached XP level 8. HP: 61/92 MP: 7/7
    79 | D        | Noticed a cyclops
    82 | D        | Reached skill level 11 in Unarmed Combat
    84 | D        | Noticed a tarantella
    92 | D        | Killed a hellwing
    95 | D        | Killed from afar by an orc sorcerer

Illustrated notes

Levels and vault maps discovered:
D:        pitsprint [storerooms_1, entrance_room_1, metal_vault_4, armoury_3,
          mini_pit_1, grid_room_1, main_hall_1, silver_pit, the_coven_1,
          the_vestibule_1, steel_vault_5, golden_pit, hallway_of_sentries,
          crystal_vault_5, iron_vault_4, final_vault]

Skill      XL: |  1  2  3  4  5  6  7  8 |
---------------+-------------------------+-----
Fighting       | 4 7 8 9 |  9.9
Dodging        | 4 6 7 9 |  9.8
Unarmed Combat | 5 8 9 10 11 | 11.6

Action                     |  1- 3 |  4- 6 |  7- 9 || total
---------------------------+-------+-------+-------++-------
  Melee: Unarmed           |     7 |    11 |    30 ||    48
         Punch             |       |       |     2 ||     2
 Invoke: Berserk           |     1 |       |     1 ||     2
 Armour: Animal skin       |     1 |    12 |    25 ||    38
  Dodge: Dodged            |     1 |     9 |    17 ||    27

Table legend: (Time is in decaauts)
 A = Elapsed time spent in this place.
 B = Non-inter-level travel time spent in this place.
 C = Inter-level travel time spent in this place.
 D = Time resting spent in this place.
 E = Time spent auto-exploring this place.
 F = Levels seen in this place.
 G = Mean time per level.
                   A        B        C        D        E       F      G
               +--------+--------+--------+--------+--------+-----+--------+
         Total |     85 |     85 |      0 |     10 |     11 |   1 |   85.0 |
       Dungeon |     85 |     85 |      0 |     10 |     11 |   1 |   85.0 |
               +--------+--------+--------+--------+--------+-----+--------+

Top non-repeatable levels by time:
       D: 85 daAuts
